Map: Cyber Forest LE

Players

SveNdaL

  • Race: Terran Terran
  • League: Platinum
  • Spawn Location: 5:00

PeLLy - Winner!

  • Race: Zerg Zerg
  • League: Diamond
  • Spawn Location: 11:00

VOD

Have the link to the VOD?

Description

Time

  • Played on: Aug. 17, 2019, 2:55 p.m.
  • Length: 23:20
Show
View Real Time Build Order
Export as new Build Order

SveNdaL Terran 

Build Orders: 2 Factory, Mech 

Get SALT Encoding   

  12  0:01  SCV  
  13  0:13  SCV  
  14  0:22  Supply Depot  
  14  0:25  SCV  
  15  0:44  SCV  
  15  0:46  Barracks  
  16  0:56  SCV  
  17  1:08  SCV  
  18  1:21  Command Center  
  18  1:24  SCV  
  20  1:40  Refinery x2, Marine  
  20  1:43  Orbital Command  
  20  2:03  Supply Depot  
  20  2:04  Bunker  
  20  2:09  Marine  
  20  2:10  SCV  
  22  2:22  SCV  
  23  2:27  Marine  
  24  2:34  SCV  
  23  2:45  Orbital Command  
  23  2:54  Supply Depot  
  23  2:57  SCV  
  24  3:05  Factory  
  24  3:09  SCV  
  24  3:10  Factory  
  25  3:17  Bunker  
  23  3:21  SCV  
  23  3:32  Marine  
  22  3:40  SCV  
  24  3:41  SCV  
  24  3:50  Marine  
  24  3:56  Factory Tech Lab  
  24  3:57  Factory Tech Lab  
  24  4:07  Marine  
  25  4:11  SCV  
  25  4:12  SCV  
  27  4:18  Siege Tank  
  27  4:23  SCV  
  27  4:24  SCV  
  32  4:25  Marine  
  33  4:33  Siege Tank  
  33  4:35  SCV  
  33  4:36  SCV  
  38  4:43  Marine  
  39  4:47  SCV  
  39  4:48  SCV  
  41  4:57  Command Center  
  41  4:59  SCV  
  42  5:00  SCV  
  43  5:10  Armory  
  43  5:11  SCV  
  43  5:12  SCV  
  45  5:17  Refinery x2  
  45  5:25  SCV x2  
  47  5:36  Armory, Command Center  
  47  5:37  SCV  
  47  5:39  SCV, Engineering Bay  
  49  5:49  SCV  
  50  5:52  SCV  
  51  5:58  Terran Vehicle Weapons Level 1  
  51  6:01  SCV  
  52  6:04  SCV  
  52  6:09  Thor  
  52  6:10  Supply Depot  
  59  6:14  SCV, Supply Depot  
  59  6:15  Supply Depot  
  59  6:17  Supply Depot  
  60  6:22  Missile Turret  
  60  6:27  Missile Turret, Terran Vehicle And Ship Armor Level 1  
  60  6:30  SCV x2  
  60  6:31  Missile Turret  
  62  6:34  Supply Depot  
  62  6:40  Planetary Fortress  
  62  6:43  SCV x2  
  64  6:54  Missile Turret  
  64  6:55  SCV  
  64  6:56  SCV  
  64  6:57  Missile Turret  
  66  7:04  Hellion x2  
  66  7:06  SCV  
  66  7:07  SCV  
  66  7:08  SCV  
  73  7:09  Missile Turret  
  73  7:13  Sensor Tower  
  73  7:17  Missile Turret, SCV  
  73  7:19  SCV  
  73  7:20  SCV  
  76  7:29  SCV  
  77  7:31  SCV  
  77  7:32  SCV  
  78  7:40  Refinery  
  78  7:41  Refinery, SCV  
  78  7:42  Infernal Pre-Igniter  
  78  7:43  SCV  
  80  7:44  SCV  
  80  7:50  Factory  
  81  7:51  Factory  
  81  7:52  Factory  
  81  7:53  Starport  
  81  7:54  SCV  
  81  7:56  SCV x2  
  81  7:57  Missile Turret  
  84  8:01  Sensor Tower  
  84  8:06  SCV  
  84  8:08  SCV x2  
  84  8:11  Terran Vehicle Weapons Level 2  
  87  8:14  Hi-Sec Auto Tracking  
  87  8:18  SCV, Missile Turret  
  88  8:21  Terran Ship Weapons Level 1  
  88  8:23  SCV x2  
  90  8:30  SCV, Siege Tank  
  90  8:33  Starport  
  91  8:46  SCV x2  
  93  8:53  Siege Tank  
  91  9:03  Siege Tank  
  84  9:10  SCV x2  
  84  9:11  SCV  
  84  9:22  SCV x2  
  86  9:29  Thor  
  92  9:32  Factory Tech Lab x3  
  92  9:36  Starport Tech Lab x2  
  92  9:40  SCV x2  
  92  9:41  SCV  
  95  9:49  Missile Turret  
  95  9:52  Missile Turret  
  95  9:53  Planetary Fortress  
  95  9:57  SCV x3  
  98  10:09  SCV x2  
  100  10:17  SCV  
  100  10:21  SCV  
  102  10:30  SCV x2  
  102  10:32  Refinery  
  102  10:33  Thor x2, Sensor Tower  
  102  10:34  Refinery  
  116  10:36  Missile Turret  
  116  10:37  Missile Turret  
  116  10:40  Missile Turret  
  116  10:42  Missile Turret  
  116  10:48  SCV, Thor  
  116  10:49  Thor  
  131  10:50  Hellion  
  131  10:53  Supply Depot  
  131  10:55  Supply Depot  
  131  11:07  Terran Vehicle Weapons Level 3, Terran Vehicle And Ship Armor Level 2  
  131  11:15  Command Center, Hellion  
  131  11:16  SCV x3  
  131  11:17  SCV  
  131  11:18  Supply Depot  
  137  11:20  Supply Depot  
  137  11:24  Supply Depot x2  
  137  11:25  Supply Depot  
  137  11:28  Supply Depot x3  
  137  11:29  SCV x2, Supply Depot  
  137  11:30  SCV x2  
  141  11:34  Neosteel Armor  
  141  11:36  Hellion  
  146  11:40  Siege Tank x2  
  146  11:41  SCV  
  146  11:43  Supply Depot  
  146  11:45  Supply Depot  
  150  11:47  Supply Depot  
  150  11:50  SCV  
  150  11:51  Viking x2, Supply Depot  
  155  11:58  Hellion  
  157  12:08  Supply Depot  
  157  12:10  Supply Depot  
  157  12:11  Hellion x2  
  161  12:19  Command Center, Hellion  
  161  12:21  Viking  
  165  12:23  Command Center  
  165  12:34  Planetary Fortress  
  165  12:52  Missile Turret  
  165  12:55  Missile Turret  
  165  13:04  Hellion x3  
  165  13:05  Hellion x2  
  175  13:15  Missile Turret  
  175  13:16  Missile Turret  
  175  13:21  Fusion Core  
  175  13:23  Terran Ship Weapons Level 2  
  175  13:26  Hellion x5  
  180  13:47  Hellion  
  180  13:48  Viking x2  
  133  14:18  Viking x2  
  114  14:32  Hellion x4  
  114  14:33  Hellion  
  114  14:48  Viking x2  
  111  14:53  Hellion  
  111  14:54  Hellion x4  
  110  15:15  Hellion x5  
  110  15:18  Viking x2  
  120  15:36  Hellion x2  
  120  15:37  Hellion x3  
  125  15:43  Planetary Fortress x2  
  125  15:48  Viking x2  
  129  15:57  Hellion  
  129  15:58  Hellion x4  
  139  16:06  Missile Turret  
  139  16:07  Missile Turret  
  139  16:18  Viking x2  
  141  16:19  Hellion x4  
  151  16:27  Refinery  
  151  16:30  Refinery  
  151  16:35  SCV  
  151  16:36  SCV x5  
  157  16:41  Thor x2  
  157  16:42  Thor x2  
  181  16:48  Viking, SCV  
  181  16:49  Missile Turret  
  181  16:50  Missile Turret  
  184  16:55  Supply Depot  
  184  16:58  Supply Depot  
  184  16:59  Supply Depot  
  184  17:00  Supply Depot  
  184  17:10  SCV  
  184  17:11  Missile Turret, SCV  
  184  17:13  Sensor Tower  
  186  17:20  Supply Depot  
  186  17:21  Terran Vehicle And Ship Armor Level 3  
  186  17:22  Terran Ship Weapons Level 3  
  186  17:27  Viking x2  
  178  17:55  Hellion x4  
  178  17:56  Hellion  
  139  18:16  Hellion  
  139  18:17  Hellion x4  
  93  18:38  Hellion x5  
  103  18:59  Hellion x2  
  103  19:00  Hellion x3  
  113  19:20  Hellion  
  113  19:21  Hellion  
  106  19:55  Thor x4  
  106  19:56  Thor  
  130  20:15  Viking x2  
  119  20:38  Thor x3  
  137  20:45  Viking  
  125  21:13  Thor  
  106  21:52  Thor  
Show
View Real Time Build Order
Export as new Build Order

PeLLy Zerg - Winner!

Build Orders: Hatch First, Brood Lord Corruptor 

Get SALT Encoding   

  12  0:00  Drone  
  13  0:13  Overlord  
  13  0:22  Drone  
  14  0:32  Drone x2  
  16  0:39  Drone  
  17  0:53  Hatchery  
  16  0:58  Drone  
  17  1:12  Spawning Pool  
  17  1:14  Drone  
  17  1:20  Extractor, Drone  
  17  1:24  Drone  
  18  1:29  Drone  
  19  1:42  Overlord  
  19  1:51  Drone  
  20  2:09  Zergling x4  
  22  2:16  Zergling x2  
  22  2:21  Zergling x2  
  24  2:33  Spine Crawler  
  23  2:40  Drone x4  
  28  2:44  Queen x2  
  32  2:54  Metabolic Boost  
  32  2:57  Drone, Hatchery  
  32  3:06  Drone  
  32  3:07  Overlord  
  32  3:21  Drone x3  
  34  3:41  Drone x5  
  38  3:59  Drone x3  
  40  4:10  Queen  
  40  4:11  Drone x2  
  40  4:12  Drone  
  45  4:23  Drone x3  
  48  4:26  Extractor  
  48  4:27  Extractor  
  48  4:30  Evolution Chamber  
  45  4:32  Evolution Chamber  
  45  4:34  Roach Warren  
  43  4:39  Queen  
  43  4:40  Drone  
  43  4:41  Drone x4  
  43  4:43  Overlord x3  
  50  4:53  Lair  
  50  5:01  Zerg Missile Weapons Level 1  
  50  5:05  Zerg Ground Armor Level 1  
  50  5:07  Drone  
  50  5:08  Drone x4  
  50  5:12  Drone x3  
  58  5:15  Extractor  
  58  5:16  Extractor  
  58  5:20  Queen  
  58  5:29  Drone x6  
  64  5:38  Pneumatized Carapace  
  64  5:44  Overlord x4  
  64  6:00  Roach x5  
  74  6:08  Hatchery  
  74  6:10  Roach x4  
  74  6:11  Roach  
  83  6:15  Overseer  
  83  6:26  Baneling Nest, Overseer x2  
  83  6:28  Glial Reconstitution  
  83  6:32  Extractor  
  81  6:34  Spire  
  81  6:38  Infestation Pit  
  79  6:42  Roach x5  
  89  7:01  Spore Crawler  
  88  7:05  Spore Crawler  
  87  7:09  Spore Crawler  
  87  7:10  Drone x4  
  87  7:11  Drone x6  
  96  7:35  Ravager  
  96  7:36  Spine Crawler, Ravager x4  
  100  7:38  Ravager x6  
  100  7:39  Spine Crawler  
  105  7:46  Drone x3  
  105  7:47  Drone x4  
  105  7:48  Overlord x4  
  112  8:01  Overlord x5  
  112  8:04  Zerg Missile Weapons Level 2  
  112  8:08  Zerg Melee Weapons Level 1  
  104  8:46  Hive  
  77  9:19  Corruptor x9  
  95  9:28  Drone x10  
  105  9:47  Extractor  
  105  9:49  Extractor  
  105  9:52  Overlord x5  
  103  9:53  Overlord  
  103  9:59  Hatchery  
  102  10:00  Greater Spire  
  102  10:01  Adrenal Glands  
  102  10:14  Zergling x28  
  103  10:17  Centrifical Hooks  
  103  10:19  Zerg Melee Weapons Level 2  
  116  10:21  Zerg Missile Weapons Level 3  
  116  10:28  Corruptor  
  116  10:29  Corruptor  
  116  10:35  Baneling x5  
  120  10:59  Drone x7  
  120  11:00  Extractor  
  120  11:03  Extractor  
  125  11:19  Corruptor x7  
  125  11:20  Corruptor  
  125  11:25  Zerg Flyer Weapons Level 1  
  141  11:28  Hatchery  
  140  11:38  Drone x3  
  143  12:02  Brood Lord  
  143  12:03  Brood Lord x5  
  143  12:05  Baneling x4  
  143  12:06  Baneling  
  155  12:33  Brood Lord x3  
  155  12:35  Brood Lord  
  155  12:36  Spire  
  162  12:37  Zergling x12  
  162  12:38  Zergling x58  
  167  14:14  Corruptor x18  
  192  14:31  Zergling x22  
  161  15:04  Corruptor x5  
  161  15:05  Corruptor x11  
  173  15:46  Zergling x2  
  173  15:47  Zergling x34  
  183  15:53  Zerg Flyer Armor Level 1  
  183  15:54  Hydralisk Den  
  182  15:58  Roach  
  182  16:01  Brood Lord x2  
  182  16:02  Brood Lord x3  
  182  16:03  Brood Lord  
  182  16:04  Brood Lord  
  198  16:05  Brood Lord  
  185  16:27  Brood Lord  
  185  16:28  Brood Lord  
  185  16:29  Brood Lord x3  
  185  16:30  Brood Lord x2  
  199  16:35  Baneling  
  199  16:36  Baneling x16  
  199  17:34  Extractor  
  199  17:35  Extractor  
  179  17:59  Viper  
  179  18:00  Viper x6  
  156  18:27  Roach  
  156  18:28  Hydralisk x8, Roach x12, Zergling x2  
  195  18:39  Brood Lord  
  195  18:40  Brood Lord  
  199  19:03  Overlord  
  199  19:04  Overlord  
  197  20:05  Spine Crawler  
  197  20:07  Spine Crawler, Brood Lord  
  183  20:40  Brood Lord  
  114  21:34  Hydralisk  
  114  21:35  Hydralisk x7  
  114  21:36  Zergling x20  
  108  21:56  Corruptor x6  
  108  21:58  Spine Crawler  
  108  21:59  Spine Crawler  
  108  22:00  Spine Crawler, Baneling x10  
  108  22:01  Spine Crawler, Baneling x10  
  116  22:08  Hydralisk  
  116  22:09  Hydralisk x11  
  140  22:22  Hydralisk x5  
  117  22:23  Hydralisk  
  108  22:39  Brood Lord x6  
  102  22:47  Zergling x22  
  102  22:48  Zergling x2  
Tags
 
Add a new tag
Caveats
  • Supply blocks, unpowered buildings, or Contaminate may cause inaccurate times.
  • Supply counts are checked every 10 seconds.